 Dungeon Crawl Stone Soup version 0.24.0-2-g5b39cebb1c (console) character file.

Game seed: 79336949320681042, levelgen mode: deterministic

205 Kagalorn the Protected (level 5, 0/41 HPs)
             Began as a Gnoll Wanderer on Oct 29, 2019.
             Killed from afar by an orc wizard (8 damage)
             ... with a puff of flame
             ... on level 3 of the Dungeon.
             The game lasted 00:08:36 (2766 turns).

Kagalorn the Protected (Gnoll Wanderer)             Turns: 2766, Time: 00:08:37

Health: 0/41       AC:  9    Str: 16    XL:     5   Next: 83%
Magic:  7/7        EV: 11    Int: 16    God:
Gold:   121        SH:  0    Dex: 12    Spells: 7/7 levels left

rFire    . . .     SeeInvis .   r - +1 halberd (freeze)
rCold    . . .     Gourm    .   (shield currently unavailable)
rNeg     . . .     Faith    .   b - +0 ring mail
rPois    .         Spirit   .   (no helmet)
rElec    .         Reflect  .   m - +0 cloak
rCorr    .         Harm     .   (no gloves)
MR       .....                  (no boots)
Stlth    +.........             (no amulet)
HPRegen  0.13/turn              (no ring)
MPRegen  0.10/turn              (no ring)

@: no status effects
A: distributed training, fangs 1, strong nose
a: no special abilities


You were on level 3 of the Dungeon.
You were very hungry.

You visited 1 branch of the dungeon, and saw 3 of its levels.

You collected 121 gold pieces.

Inventory:

Hand Weapons
 a - a +2 hand axe
 l - a cursed -1 spear
 r - a +1 halberd of freezing (weapon)
Missiles
 e - 17 sling bullets
 f - 75 stones (quivered)
Armour
 b - a +0 ring mail (worn)
 m - a +0 cloak (worn)
Scrolls
 c - a scroll of teleportation {unknown}
 g - a scroll of enchant armour {unknown}
 h - 2 scrolls of noise {unknown}
 i - a scroll of amnesia {unknown}
 q - a scroll of remove curse {unknown}
 t - a scroll of identify {unknown}
Potions
 j - a potion of ambrosia {unknown}
 k - 2 potions of heal wounds {unknown}
 n - a potion of curing
 o - a potion of might {unknown}
 p - a potion of resistance {unknown}
 s - a potion of mutation {unknown}
Comestibles
 d - 3 rations


   Skills:
 + Level 3.0 Fighting
 + Level 1.6 Short Blades
 + Level 1.6 Long Blades
 + Level 3.0 Axes
 + Level 1.6 Maces & Flails
 + Level 1.6 Polearms
 + Level 1.6 Staves
 + Level 1.6 Slings
 + Level 1.6 Bows
 + Level 1.6 Crossbows
 + Level 3.0 Throwing
 + Level 12.1 Armour
 + Level 1.6 Dodging
 + Level 1.6 Stealth
 + Level 1.6 Shields
 + Level 1.6 Unarmed Combat
 + Level 1.6 Spellcasting
 + Level 1.3 Conjurations
 + Level 1.3 Hexes
 + Level 1.3 Charms
 + Level 1.3 Summonings
 + Level 1.3 Necromancy
 + Level 1.3 Translocations
 + Level 1.3 Transmutations
 + Level 1.3 Fire Magic
 + Level 1.3 Ice Magic
 + Level 1.3 Air Magic
 + Level 1.3 Earth Magic
 + Level 1.3 Poison Magic
 + Level 1.8 Invocations
 + Level 3.0 Evocations


You had 7 spell levels left.
You didn't know any spells.
Your spell library was empty.

Dungeon Overview and Level Annotations

Branches:
Dungeon (3/15)

Altars:
Vehumet


Innate Abilities, Weirdness & Mutations

Your experience applies equally to all skills.
You have very sharp teeth.
Your uncanny sense of smell can sniff out nearby items.


Message History

You hear some strange, mumbled words.
A puff of flame appears from out of thin air!
The puff of flame hits you!
You completely miss something. Your bite misses something.
You hear some strange, mumbled words.
Something tries to affect you, but you resist.
You miss something. You bite something. Something hits you.
Something hits you but does no damage.
You miss something. You bite something. Something hits you but does no damage.
Your ring mail prevents you from hitting something.
You hear some strange, mumbled words.
A puff of flame appears from out of thin air!
The puff of flame hits you!
You hear some strange, mumbled words.
A puff of flame appears from out of thin air!
The puff of flame hits you.
* * * LOW HITPOINT WARNING * * *
A puff of flame appears from out of thin air!
The puff of flame hits you!
You die...

#...........<....#
#####..#'........#
#............#
##.....#######
#..)..# ##....#
#....#
#+############....#
#'#.......@.........#
......).............#
....................#
................#####
....######......# .#.
#......# #∆ #......#
#......# #......#


There were no monsters in sight!

Vanquished Creatures
  An orc priest (D:3)
  Jessica (D:3)
  Ijyb (D:3)
  3 gnolls (D:2)
  3 adders
  4 worms (D:2)
  A dart slug (D:1)
  2 leopard geckos
  An orc (D:3)
  A giant cockroach (D:2)
  5 goblins
  5 hobgoblins (D:2)
  3 jackals (D:2)
  12 kobolds
  4 bats
  A frilled lizard (D:2)
  11 rats
  A plant (D:2)
60 creatures vanquished.

Notes
Turn   | Place    | Note
-------+----------+-------------------------------------------
     0 | D:1      | Reached skill level 12 in Armour
     0 | D:1      | Kagalorn the Gnoll Wanderer began the quest for the Orb.
     0 | D:1      | Kagalorn set off with the following items: a +2 hand axe, a
                  | +0 ring mail, a wand of random effects (15), a ration
     0 | D:1      | Reached XP level 1. HP: 17/17 MP: 2/2
   435 | D:1      | Reached XP level 2. HP: 23/23 MP: 3/3
  1188 | D:2      | Reached XP level 3. HP: 22/28 MP: 4/4
  1288 | D:2      | Reached skill level 1 in Invocations
  1446 | D:2      | Reached skill level 1 in Short Blades
  1446 | D:2      | Reached skill level 1 in Long Blades
  1446 | D:2      | Reached skill level 1 in Maces & Flails
  1446 | D:2      | Reached skill level 1 in Polearms
  1446 | D:2      | Reached skill level 1 in Staves
  1446 | D:2      | Reached skill level 1 in Slings
  1446 | D:2      | Reached skill level 1 in Bows
  1446 | D:2      | Reached skill level 1 in Crossbows
  1446 | D:2      | Reached skill level 1 in Dodging
  1446 | D:2      | Reached skill level 1 in Stealth
  1446 | D:2      | Reached skill level 1 in Shields
  1446 | D:2      | Reached skill level 1 in Unarmed Combat
  1446 | D:2      | Reached skill level 1 in Spellcasting
  1446 | D:2      | Reached XP level 4. HP: 32/34 MP: 4/6
  2060 | D:2      | Reached skill level 1 in Conjurations
  2060 | D:2      | Reached skill level 1 in Hexes
  2060 | D:2      | Reached skill level 1 in Charms
  2060 | D:2      | Reached skill level 1 in Summonings
  2060 | D:2      | Reached skill level 1 in Necromancy
  2060 | D:2      | Reached skill level 1 in Translocations
  2060 | D:2      | Reached skill level 1 in Transmutations
  2060 | D:2      | Reached skill level 1 in Fire Magic
  2060 | D:2      | Reached skill level 1 in Ice Magic
  2060 | D:2      | Reached skill level 1 in Air Magic
  2060 | D:2      | Reached skill level 1 in Earth Magic
  2060 | D:2      | Reached skill level 1 in Poison Magic
  2438 | D:3      | Noticed Ijyb
  2464 | D:3      | Killed Ijyb
  2464 | D:3      | Reached XP level 5. HP: 15/40 MP: 7/7
  2710 | D:3      | Found a radiant altar of Vehumet.
  2728 | D:3      | Noticed Jessica
  2734 | D:3      | Killed Jessica
  2766 | D:3      | Killed from afar by an orc wizard

Levels and vault maps discovered:
D:1:      giann_bridges, layout_basic, chequers_serial_rivers_micro_d
D:2:      layout_loops_ring, kennysheep_path_1, lexackson_kobold_supper
D:3:      layout_basic, vehumet_crystals, first_ration, uniq_ijyb,
          uniq_crazy_yiuf_cottage, uniq_jessica

Skill      XL: |  1  2  3  4  5 |
---------------+----------------+-----
Armour         | | 12.1
Invocations    | 1 |  1.8
Short Blades   | 1 |  1.6
Long Blades    | 1 |  1.6
Maces & Flails | 1 |  1.6
Polearms       | 1 |  1.6
Staves         | 1 |  1.6
Slings         | 1 |  1.6
Bows           | 1 |  1.6
Crossbows      | 1 |  1.6
Dodging        | 1 |  1.6
Stealth        | 1 |  1.6
Shields        | 1 |  1.6
Unarmed Combat | 1 |  1.6
Spellcasting   | 1 |  1.6
Conjurations   | 1 |  1.3
Hexes          | 1 |  1.3
Charms         | 1 |  1.3
Summonings     | 1 |  1.3
Necromancy     | 1 |  1.3
Translocations | 1 |  1.3
Transmutations | 1 |  1.3
Fire Magic     | 1 |  1.3
Ice Magic      | 1 |  1.3
Air Magic      | 1 |  1.3
Earth Magic    | 1 |  1.3
Poison Magic   | 1 |  1.3
Fighting       | 3 |  3.0
Axes           | 3 |  3.0
Throwing       | 3 |  3.0
Evocations     | 3 |  3.0

Action                   |  1- 3 |  4- 6 || total
-------------------------+-------+-------++-------
Melee: Hand axe          |    78 |    91 ||   169
       Bite              |     7 |    24 ||    31
       Halberd           |       |    63 ||    63
Throw: Stone             |     6 |     9 ||    15
  Eat: Chunk             |     1 |     4 ||     5
Armor: Ring mail         |    38 |    66 ||   104
Dodge: Dodged            |    39 |    59 ||    98
